 Dungeon Crawl Stone Soup version 0.28.0-62-gf88900778d (webtiles) character file.

Game seed: 5553360214489099922

731 cbfl8 the Poker (level 7, -3/82 HPs)
             Began as a Merfolk Berserker on Sept 12, 2023.
             Was a Believer of Trog.
             Slain by an orc
             ... wielding a +0 whip
              (5 damage)
             ... on level 4 of the Dungeon.
             The game lasted 00:04:25 (5883 turns).

cbfl8 the Poker (Merfolk Berserker)                 Turns: 5883, Time: 00:04:26

Health: -3/82      AC:  6    Str: 17    XL:     7   Next: 73%
Magic:  7/7        EV: 12    Int:  6    God:    Trog [**....]
Gold:   199        SH:  0    Dex: 16    Spells: 6/6 levels left

rFire   + . .      SeeInvis .   a - +0 spear
rCold   . . .      Faith    .   (no shield)
rNeg    . . .      Spirit   .   q - +0 ring mail
rPois   +          Reflect  .   (no helmet)
rElec   .          Harm     .   p - +0 cloak
rCorr   .          Rampage  .   (no gloves)
Will    .....                   (no boots)
Stlth   ..........              (no amulet)
HPRegen 0.23/turn               f - ring of protection from fire
MPRegen 0.10/turn               r - ring of poison resistance

@: berserking, very quick
A: (nimble swimmer 2), mertail
a: Renounce Religion, Berserk, Trog's Hand


You were on level 4 of the Dungeon.
You worshipped Trog.
Trog was pleased with you.
You visited 1 branch of the dungeon, and saw 5 of its levels.

You collected 199 gold pieces.

Inventory:

Hand Weapons
 a - a +0 spear (weapon)
Armour
 p - a +0 cloak (worn)
 q - a +0 ring mail (worn)
Jewellery
 f - a ring of protection from fire (left hand)
 n - a ring of fire
 r - a ring of poison resistance (right hand)
Scrolls
 d - a scroll of enchant weapon {unknown}
 g - a scroll of enchant armour {unknown}
 i - a scroll of amnesia {unknown}
 j - 2 scrolls of teleportation {unknown}
 k - a scroll of brand weapon {unknown}
 l - 2 scrolls of identify {unknown}
 m - a scroll of acquirement {unknown}
 s - a scroll of fog {unknown}
 v - a scroll of blinking {unknown}
Potions
 b - a potion of haste {unknown}
 c - a potion of brilliance {unknown}
 e - a potion of heal wounds {unknown}
 h - a potion of ambrosia {unknown}
 t - a potion of lignification
 u - a potion of degeneration {unknown}


   Skills:
 + Level 4.8 Fighting
 + Level 7.7 Polearms
 * Level 3.3 Armour
 - Level 4.3 Dodging
 - Level 0.7 Stealth
 * Level 2.2 Shields
 * Level 2.1 Evocations


You had 6 spell levels left.
You didn't know any spells.
Your spell library was empty.

Dungeon Overview and Level Annotations

Branches:
Dungeon (5/15)             Temple (0/1) D:4

Altars:
Hepliaklqana
Ru

Shops:
D:1 [

Annotations:
D:5 Ijyb


Innate Abilities, Weirdness & Mutations

((You are very nimble when in or above water. (Stealth+, EV+, Speed+++)))
Your lower body shifts to a powerful aquatic tail in water.


Message History

You completely miss the orc.
The orc is heavily wounded.
The orc hits you with a +0 whip. The orc hits you with a +0 flail.
* * * LOW HITPOINT WARNING * * *
You hit the orc.
The orc is almost dead.
The orc barely misses you.
You closely miss the orc.
The orc is almost dead.
The orc barely misses you. The orc closely misses you. The orc misses you.
You hit the orc.
You kill the orc!
Trog accepts your kill. The orc closely misses you.
An orc priest comes into view. It is wielding a +0 hand axe.
The orc hits you with a +0 war axe.
* * * LOW HITPOINT WARNING * * *
There is a stone staircase leading up here.
Items here: $ )) [.
The orc closely misses you.
The orc priest mumbles some strange prayers to Beogh against you.
Pain shoots through your body!
* * * LOW HITPOINT WARNING * * *
You climb upwards.
There is a stone staircase leading down here.
Unknown command.
A red film seems to cover your vision as you go berserk!
You feel yourself moving faster!
You feel mighty! The orc barely misses you.
The orc priest invokes the aid of Beogh against you.
Beogh smites you!
* * * LOW HITPOINT WARNING * * *
The orc hits you but does no damage.
You puncture the orc priest!
The orc priest is severely wounded.
The orc closely misses you.
You hit the orc priest.
You kill the orc priest!
Trog accepts your kill. The orc hits you with a +0 whip.
You die...

###......# #..............#
#..§≈≈...# #.......######)#
#.≈≈§≈≈..#####.......######.#
##≈§§≈≈≈≈..................#.###
#.§≈≈>≈§≈##.###........###.#...#
#.≈≈≈§§≈§##.# #........#...###.##
#..≈≈§≈≈.##.# ####.#.........#...
#...≈§§..##.######.#(#..#..#.####
...............o@o...#.:<#...####
#################).#...#.#.#.....
#.............#.#.####
#..........####.#.#
#...............#.#
#######....######.# #.#...##....#
###.#.#.##.#### ###......)...#


You could see 2 orcs.

Vanquished Creatures
  A wyvern (D:5)
  A water moccasin (D:5)
  A scorpion (D:5)
  A jelly (D:4)
  A bullfrog skeleton (D:4)
  An orc priest (D:4)
  Crazy Yiuf (D:2)
  A centaur skeleton (D:5)
  2 iguanas (D:5)
  Natasha (thrice) (D:2)
  An orc wizard (D:3)
  7 adders
  2 worms (D:2)
  2 dart slugs (D:2)
  8 orcs
  3 bats
  6 endoplasms
  A giant cockroach (D:1)
  4 goblins
  4 hobgoblins
  5 jackals
  4 kobolds
  4 quokkas
  9 ball pythons
  3 frilled lizards
  3 rats
79 creatures vanquished.

Vanquished Creatures (others)
  30 plants (D:2)
30 creatures vanquished.

Grand Total: 109 creatures vanquished

Notes
Turn   | Place    | Note
-------+----------+-------------------------------------------
     0 | D:1      | cbfl8 the Merfolk Berserker began the quest for the Orb.
     0 | D:1      | Reached XP level 1. HP: 18/18 MP: 1/1
    94 | D:1      | Noticed an eye of devastation
    96 | D:1      | Found a faded altar of an unknown god.
    97 | D:1      | Noticed a great orb of eyes
    97 | D:1      | Noticed a great orb of eyes
    97 | D:1      | Noticed a golden eye
   195 | D:1      | Reached XP level 2. HP: 22/24 MP: 2/2
   639 | D:1      | Found Qaaseach's Antique Armour Boutique.
   687 | D:1      | Reached skill level 5 in Polearms
   795 | D:2      | Reached XP level 3. HP: 20/30 MP: 3/3
  1052 | D:2      | Noticed Natasha
  1067 | D:2      | Killed Natasha
  1236 | D:2      | Reached XP level 4. HP: 15/37 MP: 4/4
  1931 | D:2      | Reached skill level 6 in Polearms
  2078 | D:2      | Noticed Natasha
  2089 | D:2      | Killed Natasha
  2097 | D:2      | Noticed Natasha
  2109 | D:2      | Killed Natasha
  2110 | D:2      | Reached XP level 5. HP: 9/42 MP: 5/5
  2585 | D:2      | Found a runed translucent door.
  2586 | D:2      | Noticed Crazy Yiuf
  2594 | D:2      | Killed Crazy Yiuf
  2778 | D:3      | Reached ** piety under Trog
  3282 | D:3      | Reached skill level 1 in Shields
  3526 | D:3      | Reached XP level 6. HP: 49/49 MP: 6/6
  3578 | D:3      | Reached skill level 1 in Evocations
  3829 | D:3      | Found a hazy altar of Hepliaklqana.
  4067 | D:3      | Found a sacrificial altar of Ru.
  4357 | D:4      | Found a staircase to the Ecumenical Temple.
  4713 | D:5      | Entered Level 5 of the Dungeon
  4734 | D:5      | Noticed a wyvern
  4751 | D:5      | Killed a wyvern
  4752 | D:5      | Reached skill level 7 in Polearms
  4752 | D:5      | Reached XP level 7. HP: 20/55 MP: 7/7
  5230 | D:5      | HP: 1/55 [scorpion (8)]
  5853 | D:5      | Noticed Ijyb
  5881 | D:4      | HP: 2/82 [orc priest/divine providence (17)]
  5883 | D:4      | Slain by an orc

Illustrated notes

Levels and vault maps discovered:
D:1:      ncdulo_lavacross, layout_loops_ring, serial_shops, shop,
          hellmonk_ecumenical_altar_watching_god
D:2:      layout_rooms, serial_bayou_lagoon_a, minmay_3d_cube,
          uniq_crazy_yiuf_cottage, uniq_natasha
D:3:      layout_basic, nzn_hepliaklqana_mist_gate, lemuel_round_altar,
          serial_rivers, chequers_serial_rivers_small_b,
          chequers_serial_rivers_micro_a, chequers_serial_rivers_room_a,
          chequers_serial_rivers_small_3
D:4:      layout_basic, minmay_temple_entry_mist, corexii_leaking_fountain
D:5:      layout_loops_corners, serial_shops, shop_fountains, uniq_ijyb

Skill      XL: |  1  2  3  4  5  6  7 |
---------------+----------------------+-----
Polearms       | 5 6 7 |  7.7
Fighting       | 4 |  4.8
Dodging        | 3 4 |  4.3
Shields        | 1 2 |  2.2
Evocations     | 1 2 |  2.1
Armour         | 2 3 |  3.3
Stealth        | |  0.7

Action                   |  1- 3 |  4- 6 |  7- 9 || total
-------------------------+-------+-------+-------++-------
Melee: Spear             |    87 |   219 |    94 ||   400
       Punch             |     1 |     2 |     1 ||     4
Invok: Berserk           |       |     2 |     2 ||     4
       Trog's Hand       |       |       |     1 ||     1
  Use: Scroll            |       |     1 |       ||     1
       Potion            |       |       |     5 ||     5
 Stab: Sleeping          |     1 |     1 |     1 ||     3
Armor: Animal skin       |    12 |     8 |       ||    20
       Ring mail         |       |    32 |    19 ||    51
       Skin              |       |       |     5 ||     5
Dodge: Dodged            |    42 |    80 |    44 ||   166
